 Dungeon Crawl Stone Soup version 0.29.1-4-g47bece8355 (webtiles) character file.

Game seed: 10710402118279632485

135 KittyFluff the Trooper (level 5, -14/49 HPs)
             Began as a Gargoyle Berserker on Dec 2, 2022.
             Was a Believer of Trog.
             Demolished by an orc wizard
             ... wielding a +2 dagger of distortion
              (17 damage)
             ... on level 3 of the Dungeon.
             The game lasted 00:12:36 (2928 turns).

KittyFluff the Trooper (Gargoyle Berserker)         Turns: 2928, Time: 00:12:36

Health: -14/49     AC: 12    Str: 20    XL:     5   Next: 18%
Magic:  5/5        EV: 12    Int:  8    God:    Trog [**....]
Gold:   141        SH:  0    Dex: 11    Spells: 4/4 levels left

rFire   . . .      SeeInvis .   s - +0 quarterstaff
rCold   . . .      Faith    .   (shield currently unavailable)
rNeg    + . .      Spirit   .   q - +0 leather armour
rPois   ∞          Reflect  .   (no helmet)
rElec   +          Harm     .   (no cloak)
rCorr   .          Rampage  .   w - +1 pair of gloves
Will    .....                   o - +2 pair of boots
Stlth   ..........              (no amulet)
HPRegen 0.16/turn               (no ring)
MPRegen 0.09/turn               (no ring)

@: berserking, very quick
A: sickness immunity, AC +4, negative energy resistance 1, electricity
resistance, torment resistance 1, petrification resistance
a: Renounce Religion, Berserk, Trog's Hand


You were on level 3 of the Dungeon.
You worshipped Trog.
Trog was pleased with you.
You visited 1 branch of the dungeon, and saw 3 of its levels.

You collected 141 gold pieces.

Inventory:

Hand Weapons
 a - a +0 mace
 s - a +0 quarterstaff (weapon)
Missiles
 i - 3 boomerangs (quivered)
 l - 33 stones
Armour
 c - an orb of wrath
 o - a +2 pair of boots (worn)
 q - a +0 leather armour (worn)
 t - a scarf of harm
 w - a +1 pair of gloves (worn)
Wands
 u - a wand of flame (27)
Scrolls
 f - 3 scrolls of teleportation
 h - a scroll of blinking {unknown}
 j - a scroll of immolation {unknown}
 n - 2 scrolls of poison {unknown}
 r - a scroll of enchant weapon {unknown}
 v - a scroll of noise {unknown}
Potions
 b - a potion of invisibility
 d - a potion of ambrosia
 e - 3 potions of curing
 g - 2 potions of degeneration {unknown}
 k - 3 potions of might
 p - a potion of flight {unknown}


   Skills:
 + Level 4.0 Fighting
 + Level 3.9(4.0) Maces & Flails
 + Level 1.4(2.9) Staves
 * Level 3.3 Armour
 + Level 2.1 Dodging
 + Level 1.0 Stealth


You had 4 spell levels left.
You didn't know any spells.
Your spell library was empty.

Dungeon Overview and Level Annotations

Branches:
Dungeon (3/15)

Altars:
Okawaru


Innate Abilities, Weirdness & Mutations

You are immune to sickness and miasma.
Your stone body is resilient. (AC +4)
You are immune to poison.
You resist negative energy. (rN+)
You are resistant to electric shocks. (rElec)
You are resistant to unholy torment.
You are immune to petrification.


Message History

The bat hits you but does no damage.
You completely miss the bat. The bat hits you but does no damage. x2
The bat hits you but does no damage. The bat closely misses you.
The bat attacks as you move away! The bat barely misses you.
The bat closely misses you.
You hit the bat.
The bat is severely wounded.
The bat hits you but does no damage. The bat barely misses you.
You thump the bat!
You kill the bat!
Trog accepts your kill. 2 orcs come into view.
The orc shouts! x2
An orc wizard comes into view.
It is wielding a +2 dagger of distortion.
The orc wizard shouts!
The orc wizard casts a spell.
The orc wizard flickers and vanishes!
Deactivating autopickup; reactivate with Ctrl-A.
You hit the orc but do no damage. The orc hits you but does no damage.
You sock the orc!
You kill the orc!
Trog accepts your kill.
Your Fighting skill increases to level 4!
You hit something. Something hits you but does no damage.
You blink.
Found an emerald potion.
Found a stone staircase leading down.
You closely miss something. Something hits you.
Space warps horribly around you!!
Ouch! That really hurt!
* * * LOW HITPOINT WARNING * * *
A red film seems to cover your vision as you go berserk!
You feel yourself moving faster!
You feel mighty! Something hits you.
* * * LOW HITPOINT WARNING * * *
The orc hits you but does no damage.
You thump something! Something hits you but does no damage.
Space warps horribly around you.
* * * LOW HITPOINT WARNING * * *
The orc hits you but does no damage.
You miss something. Something hits you but does no damage.
Space warps horribly around you!
You die...

.......# .....#.# .!
.....#.# ..
.....#.######..###.
.....#.#.........>.
.....#.#.########.#
.....#.#.##.....#.#
#†...#..........#.#
≈........##.###{@.#
≈.......###.###o###.#
........# #...#.§{o.#
≈......## ###.#######
≈.^...## #.# #######
### #.# # #######.#
#.# # #.......# #.# #
#.#####.###.#


You could see an orc.

Vanquished Creatures
  4 gnolls (D:2)
  2 adders
  5 worms (D:2)
  2 dart slugs
  An orc (D:3)
  4 bats
  6 hobgoblins
  7 jackals
  3 quokkas
  7 ball pythons
  A frilled lizard (D:2)
  4 goblins
  4 kobolds
  9 rats
  A spectral kobold (D:1)
60 creatures vanquished.

Notes
Turn   | Place    | Note
-------+----------+-------------------------------------------
     0 | D:1      | KittyFluff the Gargoyle Berserker began the quest for the
                  | Orb.
     0 | D:1      | Reached XP level 1. HP: 14/14 MP: 1/1
   162 | D:1      | Reached XP level 2. HP: 10/19 MP: 2/2
   435 | D:1      | Found a faded altar of an unknown god.
   447 | D:1      | You fall into a shaft and drop 1 floor!
   757 | D:2      | Reached XP level 3. HP: 21/24 MP: 3/3
  1153 | D:1      | Reached ** piety under Trog
  1709 | D:2      | Reached XP level 4. HP: 29/29 MP: 4/4
  1758 | D:2      | Reached skill level 1 in Stealth
  2303 | D:2      | Reached skill level 1 in Staves
  2682 | D:3      | Reached XP level 5. HP: 33/33 MP: 5/5
  2807 | D:3      | Found an iron altar of Okawaru.
  2921 | D:3      | Reached skill level 4 in Fighting
  2928 | D:3      | Demolished by an orc wizard

Illustrated notes

Levels and vault maps discovered:
D:1:      wander_arrival_peaceful_grave, layout_loops_ring,
          dreamdust_ecumenical_altar_drowned_temple, minmay_tetromino_l2
D:2:      minmay_diamond_boxcup, layout_loops_ring, roderic_lattice_a
D:3:      cheibrodos_old_hovel, layout_basic, kennysheep_okawaru_gauntlet

Skill      XL: |  1  2  3  4  5 |
---------------+----------------+-----
Armour         | 3 |  3.3
Dodging        | 2 |  2.1
Stealth        | 1 |  1.0
Staves         | 1 |  1.4
Fighting       | 4 |  4.0
Maces & Flails | |  3.9

Action                   |  1- 3 |  4- 6 || total
-------------------------+-------+-------++-------
Melee: Mace              |   118 |       ||   118
       Punch             |     3 |       ||     3
       Quarterstaff      |     2 |    68 ||    70
Throw: Boomerang         |       |     8 ||     8
Invok: Berserk           |       |     2 ||     2
  Use: Scroll            |       |     5 ||     5
 Stab: Sleeping          |       |     2 ||     2
Armor: Animal skin       |    42 |     6 ||    48
       Leather armour    |       |    22 ||    22
Dodge: Dodged            |    85 |    41 ||   126
